 Dungeon Crawl Stone Soup version 0.29-a0-789-g7a8fcbc185 (webtiles) character file.

Game seed: 16739245113918281300

92666 purpskrrrp the Imperceptible (level 16, -55/82 HPs)
             Began as a Vine Stalker Brigand on July 3, 2022.
             Was an Initiate of Gozag.
             Killed by an exploding black mamba (68 damage)
             ... ignited by their inner flame
             ... on level 3 of the Snake Pit.
             The game lasted 02:14:36 (21642 turns).

purpskrrrp the Imperceptible (VSBr)                Turns: 21642, Time: 02:14:37

Health: -55/82     AC: 16    Str: 31    XL:     16   Next: 6%
Magic:  0/26       EV: 14    Int: 11    God:    Gozag
Gold:   429        SH:  6    Dex: 25    Spells: 15/15 levels left

rFire   x . .      SeeInvis .   f - +10 whip "Kazaarof" {vorpal, rPois rF- rC+ Str+3}
rCold   + . .      Faith    .   J - +0 buckler {AC+3}
rNeg    . . .      Spirit   +   Q - +1 robe of Vines {NoPotionHeal Regen++++}
rPois   +          Reflect  .   I - +2 hat {Stlth+}
rElec   .          Harm     .   c - +1 cloak
rCorr   .          Rampage  .   H - +2 pair of gloves "Fuysaoc" {rPois MP+9 Str+9}
Will    ++...                   G - +1 pair of boots {Fly}
Stlth   ++++++++++              s - amulet of regeneration
HPRegen 5.03/turn               r - +6 ring of dexterity
MPRegen 0.20/turn               z - +4 ring of slaying

@: lethally poisoned (-55 -> -56), about to teleport, marked, gold aura, flying,
constricted, studying Armour
A: fangs 3, regeneration 1, magic shield, antimagic bite, no potion heal 2,
passive freeze
a: Renounce Religion, Potion Petition, Call Merchant, Bribe Branch


You were on level 3 of the Snake Pit.
You worshipped Gozag.
Gozag was aware of your devotion.
You visited 4 branches of the dungeon, and saw 26 of its levels.

You collected 7816 gold pieces.
You spent 4907 gold pieces at shops.
You paid 2480 gold pieces to Gozag.

Inventory:

Hand Weapons
 f - the +10 whip "Kazaarof" (weapon) {vorpal, rPois rF- rC+ Str+3}
   (You took it off an orc on level 3 of the Dungeon)

   It inflicts extra damage upon your enemies.
   Str:       It affects your strength (+3).
   rF:        It makes you vulnerable to fire.
   rC:        It protects you from cold.
   rPois:     It protects you from poison.
 h - a +2 dire flail of holy wrath
 Z - the +5 glaive of the Guard {elec, spectral, AC+5}
   (You bought it in a shop on level 2 of the Snake Pit)

   It occasionally discharges a powerful burst of electricity upon striking a
   foe.
   When it strikes, its spirit leaps out and fights alongside the wielder.
   AC:        It affects your AC (+5).
Missiles
 d - 52 poisoned darts
 e - 8 curare-tipped darts
 X - a throwing net
Armour
 c - a +1 cloak (worn)
 m - the +3 ring mail "Suzoozar" {-Cast Slay+4}
   (You found it on level 3 of the Dungeon)

   Slay:      It affects your accuracy & damage with ranged weapons and melee
   (+4).
   -Cast:     It prevents spellcasting.
 G - a +1 pair of boots of flying (worn)
 H - the +2 pair of gloves "Fuysaoc" (worn) {rPois MP+9 Str+9}
   (You bought it in a shop on level 8 of the Dungeon)

   Str:       It affects your strength (+9).
   rPois:     It protects you from poison.
   MP:        It affects your magic capacity (+9).
 I - a +2 hat of stealth (worn)
 J - a +0 buckler of protection (worn)
 Q - the +1 robe of Vines (worn) {NoPotionHeal Regen++++}
   (You found it on level 2 of the Lair of Beasts)

   Its wearer cannot be healed by potions.
   Regen:     It increases your rate of health regeneration.
Jewellery
 r - a +6 ring of dexterity (left hand)
 s - an amulet of regeneration (around neck)
 u - the ring of Conversion {Wiz Int+4}
   (You found it on level 1 of the Snake Pit)

   [ring of wizardry]

   It improves your spell success rate.
   Int:       It affects your intelligence (+4).
 z - a +4 ring of slaying (right hand)
 A - a ring of see invisible
Wands
 o - a wand of mindburst (28)
 v - a wand of acid (3)
 w - a wand of iceblast (26) (quivered)
 y - a wand of digging (9)
 E - a wand of charming (4)
 K - a wand of polymorph (13)
 R - a wand of flame (43)
Scrolls
 l - 14 scrolls of teleportation
 n - a scroll of silence
 q - a scroll of fear
 t - 3 scrolls of magic mapping
 x - 3 scrolls of poison
 B - 3 scrolls of enchant weapon
 F - 10 scrolls of identify
 S - 2 scrolls of amnesia
 U - a scroll of enchant armour
 V - 2 scrolls of fog
 W - a scroll of vulnerability
Potions
 b - 5 potions of haste
 g - 3 potions of flight
 i - 2 potions of resistance
 j - 3 potions of magic
 k - 6 potions of might
 p - 4 potions of lignification
 C - 4 potions of brilliance
 D - 12 potions of curing
 L - a potion of cancellation
 N - 3 potions of berserk rage
 O - 3 potions of ambrosia
 T - 3 potions of invisibility
Miscellaneous
 P - a phial of floods
 Y - a phantom mirror


   Skills:
 + Level 8.3 Fighting
 + Level 3.6 Short Blades
 * Level 13.4 Maces & Flails
 + Level 1.8 Throwing
 + Level 7.4 Armour
 + Level 6.6 Dodging
 * Level 24.2 Stealth
 + Level 3.0 Shields
 + Level 3.0 Evocations


You had 15 spell levels left.
You didn't know any spells.
Your spell library contained the following spells:

 Spells                   Type           Power      Damage    Failure   Level
 Sandblast                Erth           0%         2d4       43%         1
 Shock                    Conj/Air       0%         1d3       43%         1
 Slow                     Hex            0%         N/A       43%         1
 Sting                    Tmut/Pois      0%         1d3       43%         1
 Blink                    Tloc           0%         N/A       56%         2
 Passwall                 Tmut/Erth      0%         N/A       56%         2
 Poisonous Vapours        Pois/Air       0%         N/A       56%         2
 Scorch                   Fire           0%         2d5       56%         2
 Call Canine Familiar     Summ           0%         N/A       80%         3
 Confusing Touch          Hex            0%         N/A       80%         3
 Gell's Gravitas          Tloc           0%         N/A       80%         3
 Ignite Poison            Fire/Tmut/Pois 0%         N/A       80%         3
 Lesser Beckoning         Tloc           0%         N/A       80%         3
 Mephitic Cloud           Conj/Pois/Air  0%         N/A       80%         3
 Ozocubu's Armour         Ice            0%         N/A       80%         3
 Portal Projectile        Hex/Tloc       0%         N/A       80%         3
 Stone Arrow              Conj/Erth      0%         3d7       80%         3
 Summon Guardian Golem    Hex/Summ       0%         N/A       80%         3
 Swiftness                Air            0%         N/A       80%         3
 Teleport Other           Tloc           0%         N/A       80%         3
 Vampiric Draining        Necr           0%         2d6       80%         3
 Airstrike                Air            0%         0-1+      99%         4
 Cause Fear               Hex            0%         N/A       99%         4
 Flame Wave               Conj/Fire      0%         2d4       99%         4
 Leda's Liquefaction      Hex/Erth       0%         N/A       99%         4
 Olgreb's Toxic Radiance  Pois           0%         N/A       99%         4
 Summon Ice Beast         Ice/Summ       0%         N/A       99%         4
 Summon Lightning Spire   Summ/Air       0%         N/A       99%         4
 Fireball                 Conj/Fire      0%         3d3       100%        5
 Freezing Cloud           Conj/Ice/Air   0%         6-21      100%        5
 Iskenderun's Battlesphe  Conj           0%         2d6       100%        5
 Lightning Bolt           Conj/Air       0%         1d11      100%        5
 Manifold Assault         Tloc           0%         N/A       100%        5
 Summon Mana Viper        Hex/Summ       0%         N/A       100%        5
 Conjure Ball Lightning   Conj/Air       0%         3x3d6     100%        6
 Summon Cactus Giant      Summ           0%         N/A       100%        6
 Dragon Form              Tmut           0%         N/A       100%        7
 Monstrous Menagerie      Summ           0%         N/A       100%        7
 Orb of Destruction       Conj           0%         9d5       100%        7
 Ozocubu's Refrigeration  Ice            0%         4d5       100%        7
 Spellforged Servitor     Conj/Summ      0%         N/A       100%        7
 Ignition                 Fire           0%         3d3       100%        8
 Dragon's Call            Summ           0%         N/A       100%        9


Dungeon Overview and Level Annotations

Branches:
Dungeon (15/15)            Temple (1/1) D:6            Lair (6/6) D:8
  Swamp (0/4) Lair:2        Snake (4/4) Lair:4        Slime (0/5) Lair:5
    Orc (0/2) D:12         Depths (0/4) D:15
 Vaults: D:13-14

Altars:
Ashenzari
Cheibriados
Dithmenos
Elyvilon
Fedhas
Gozag
Hepliaklqana
Kikubaaqudgha
Makhleb
Nemelex Xobeh
Okawaru
Qazlal
Ru
Sif Muna
Trog
Uskayaw
Vehumet
Wu Jian
Xom
Yredelemnul
Zin
The Shining One
Jiyva

Shops:
D:5 *   D:7 *   D:8 [*   D:10 *   Lair:5 [   Snake:2 !?*   Snake:3 =:=

Annotations:
D:9 3 runed translucent doors, RepHenryClay's ghost, novice OpCj
D:14 exclusion: ice statue
Snake:2 Saint Roka


Innate Abilities, Weirdness & Mutations

You have razor-sharp teeth.
Your natural rate of healing is unusually fast.
When hurt, damage is shared between your health and your magic reserves.
Your bite disrupts and absorbs the magic of your enemies.
Potions cannot restore your health.
A frigid envelope surrounds you and freezes all who hurt you.


Message History

The black mamba is very cold.
Flame seeps out of the black mamba.
The black mamba is severely wounded.
The salamander closely misses you.
The black mamba is engulfed in blazing flames.
Flame seeps out of the black mamba.
The black mamba bites you!
The black mamba is very cold.
Flame seeps out of the black mamba.
The black mamba is severely wounded.
The black mamba is engulfed in blazing flames.
Flame seeps out of the black mamba.
You block the black mamba's attack.
The black mamba is engulfed in blazing flames.
Flame seeps out of the black mamba.
The black mamba bites you.
The black mamba is very cold.
Flame seeps out of the black mamba.
The black mamba seems to slow down.
The black mamba is almost dead.
The anaconda is engulfed in blazing flames.
Flame seeps out of the anaconda.
The anaconda barely misses you. The anaconda constricts you.
The black mamba is engulfed in blazing flames.
Flame seeps out of the black mamba.
The black mamba bites you but does no damage.
The black mamba is very cold.
The black mamba explodes!
The fiery explosion engulfs the black mamba!
The fiery explosion engulfs you! The fire burns you terribly!
The black mamba explodes!
The fiery explosion engulfs the black mamba!!!
The fiery explosion engulfs the salamander.
The salamander completely resists.
The fiery explosion engulfs the anaconda!!
Flame seeps out of the anaconda.
The anaconda is almost dead.
The fiery explosion engulfs you!! The fire burns you terribly!
* * * LOW HITPOINT WARNING * * *
The black mamba explodes!
The fiery explosion engulfs the black mamba!!
The black mamba is severely wounded.
The fiery explosion engulfs you!!!! The fire burns you terribly!
Ouch! That really hurt!
You die...
Your body crumbles into a pile of gold.

..# ### #.....#..... #. #..
#.###.....#..... ....
..##.#.$..##....... #...
#........#........ ###$.$#
#.#...............
.......##..$..$$..#.......
#.. #....................
#.##.§S§§..##..##.......
##...#§○@○##.#..#..#.....
##.....SS○§##......##..... .
.....#.NN##........#......
.....#..#..###.$$...........
.....#..........#.....).....
........................(...
.#.....>##..................
#....#.....##..............
.....##..##.##..............


You could see a salamander mystic (inner flame), a salamander (fast, inner
flame), an anaconda (inner flame) and 2 black mambas.

Vanquished Creatures
  Nessos (Lair:6)
  Snorg (D:12)
  3 boulder beetles
  8 hydras
  6 anacondas
  Erica (D:8)
  3 centaur warriors (D:13)
  The ghost of enile the Magician, a journeyman OpWn of Qazlal (Lair:2)
  4 two-headed ogres
  4 naga warriors
  Urug (Lair:2)
  2 shock serpents (Snake:1)
  2 naga sharpshooters
  A salamander mystic (Snake:4)
  Sonja (Lair:6)
  A skeletal warrior (D:13)
  Lodul (D:10)
  4 naga ritualists
  A lindwurm (Lair:4)
  8 mana vipers
  3 salamanders
  4 oklob plants
  A cyclops (D:13)
  2 ugly things
  A wolf spider (Lair:6)
  31 black mambas
  2 centaur zombies (D:11)
  Maurice (D:10)
  A guardian serpent (Lair:6)
  17 elephants
  Joseph (Lair:1)
  6 naga magi
  A torpor snail (Lair:6)
  12 cane toads
  2 kobold demonologists
  2 rime drakes
  6 komodo dragons
  2 trolls
  4 hornets
  3 polar bears
  Grinder (D:6)
  3 slime creatures (D:12)
  3 dream sheep (Lair:6)
  45 blink frogs
  Sigmund (D:2)
  43 yaks
  6 wraiths
  The ghost of Sabo the Chopper, an amateur HOFi (D:3)
  9 wyverns
  3 basilisks
  Menkaure (D:5)
  4 redbacks (Lair:6)
  A steam dragon (D:8)
  4 vampire mosquitoes (D:12)
  Edmund (D:5)
  An acid dragon (D:11)
  19 nagas
  23 water moccasins
  10 orc warriors
  2 ice beasts
  2 sky beasts (D:6)
  3 black bears
  A swamp drake (Lair:2)
  10 ogres
  16 centaurs
  3 phantoms
  6 kobold brigands
  Blork the orc (D:5)
  A gnoll sergeant (D:9)
  9 bullfrogs
  A necrophage (D:4)
  3 scorpions
  10 killer bees
  10 howler monkeys
  A vampire bat (D:8)
  An electric eel (Lair:6)
  A jelly (D:6)
  11 orc priests
  3 hounds
  A bouda (D:8)
  Jessica (D:2)
  5 iguanas
  16 orc wizards
  Ijyb (D:5)
  19 gnolls
  14 adders
  3 shadow imps
  3 white imps
  An ufetubus (D:6)
  2 dart slugs
  76 orcs
  13 bats
  7 endoplasms
  2 giant cockroaches
  3 goblins (D:2)
  6 hobgoblins
  2 jackals (D:4)
  A quokka (D:1)
  15 ball pythons
  A frilled lizard (D:3)
  30 kobolds
  8 rats
660 creatures vanquished.

Vanquished Creatures (others)
  15 fungi
  86 plants
101 creatures vanquished.

Grand Total: 761 creatures vanquished

Notes
Turn   | Place    | Note
-------+----------+-------------------------------------------
     0 | D:1      | purpskrrrp the Vine Stalker Brigand began the quest for the
                  | Orb.
     0 | D:1      | Reached XP level 1. HP: 11/11 MP: 2/2
    33 | D:1      | Reached skill level 5 in Stealth
   187 | D:1      | Reached XP level 2. HP: 15/15 MP: 3/3
   478 | D:1      | Reached XP level 3. HP: 13/18 MP: 2/4
   708 | D:1      | Found a faded altar of an unknown god.
   807 | D:1      | Reached skill level 1 in Dodging
   918 | D:1      | Prayed at the altar of an unknown god.
   918 | D:1      | Became a worshipper of Gozag Ym Sagoz the Greedy
  1013 | D:2      | Noticed Sigmund
  1020 | D:2      | Killed Sigmund
  1021 | D:2      | Reached skill level 7 in Stealth
  1021 | D:2      | Gained mutation: Your natural rate of healing is unusually
                  | fast. [Vine Stalker growth]
  1021 | D:2      | Reached XP level 4. HP: 23/23 MP: 5/5
  1021 | D:2      | Reached XP level 5. HP: 27/27 MP: 6/6
  1169 | D:2      | You fall into a shaft and drop 1 floor!
  1244 | D:5      | Entered Level 5 of the Dungeon
  1266 | D:4      | Reached XP level 6. HP: 28/32 MP: 4/7
  1535 | D:3      | Identified the +3 ring mail "Suzoozar" {-Cast Slay+4}
  1581 | D:3      | Identified the +10 whip "Kazaarof" {vorpal, rPois rF- rC+
                  | Str+3}
  1583 | D:3      | Found a runed translucent gate.
  1584 | D:3      | Found a hazy altar of Hepliaklqana.
  1586 | D:3      | Found a runed translucent gate.
  1586 | D:3      | Found a runed translucent gate.
  1592 | D:3      | Noticed Sabo's ghost (amateur HOFi)
  2211 | D:2      | Reached skill level 8 in Stealth
  2716 | D:2      | Found a radiant altar of Vehumet.
  2780 | D:2      | Noticed Jessica
  2787 | D:2      | Killed Jessica
  3089 | D:3      | Killed Sabo's ghost
  3090 | D:3      | Reached XP level 7. HP: 24/35 MP: 6/8
  3270 | D:4      | Reached skill level 9 in Stealth
  3622 | D:4      | Reached skill level 1 in Maces & Flails
  3626 | D:4      | Reached skill level 1 in Armour
  3775 | D:5      | Gained mutation: You have razor-sharp teeth. [Vine Stalker
                  | growth]
  3775 | D:5      | Reached XP level 8. HP: 40/40 MP: 9/9
  3816 | D:5      | Noticed Menkaure
  3827 | D:5      | Killed Menkaure
  3939 | D:5      | Noticed Blork the orc
  3946 | D:5      | Killed Blork the orc
  3947 | D:5      | Reached skill level 10 in Stealth
  4016 | D:5      | Noticed Ijyb
  4025 | D:5      | Killed Ijyb
  4083 | D:5      | Noticed a wyvern
  4091 | D:5      | Killed a wyvern
  4149 | D:5      | Found Tofuthrex's General Store.
  4194 | D:5      | Bought a scroll of teleportation for 42 gold pieces
  4194 | D:5      | Bought a potion of might for 56 gold pieces
  4445 | D:5      | Noticed Edmund
  4456 | D:5      | Killed Edmund
  4929 | D:6      | Noticed Grinder
  4943 | D:6      | Killed Grinder
  4944 | D:6      | Reached XP level 9. HP: 37/44 MP: 5/10
  5054 | D:6      | Reached skill level 5 in Maces & Flails
  5195 | D:6      | Reached skill level 11 in Stealth
  5248 | D:6      | Found a staircase to the Ecumenical Temple.
  5377 | Temple   | Entered the Ecumenical Temple
  5914 | D:7      | Found a stormy altar of Qazlal.
  5929 | D:8      | Noticed Erica
  5945 | D:8      | Killed Erica
  5949 | D:8      | Reached XP level 10. HP: 49/49 MP: 11/11
  5952 | D:9      | Found a glowing silver altar of Zin.
  6038 | D:8      | Noticed a two-headed ogre
  6055 | D:8      | Killed a two-headed ogre
  6056 | D:8      | Reached skill level 12 in Stealth
  6513 | D:8      | Found a shadowy altar of Dithmenos.
  6564 | D:8      | Reached skill level 13 in Stealth
  6734 | D:8      | Found a radiant altar of Vehumet.
  6762 | D:8      | Found a staircase to the Lair.
  6966 | D:8      | Bought a pair of heavily runed gloves for 237 gold pieces
  6966 | D:8      | Identified the +2 pair of gloves "Fuysaoc" {rPois MP+9
                  | Str+9} (You bought it in a shop on level 8 of the Dungeon)
  6966 | D:8      | Bought a glowing hat for 175 gold pieces
  6966 | D:8      | Bought a pair of glowing gloves for 187 gold pieces
  7194 | D:7      | Found a bloodstained altar of Trog.
  7194 | D:7      | Found an ornate altar of the Wu Jian Council.
  7195 | D:7      | Found a sacrificial altar of Ru.
  7195 | D:7      | Found a shimmering blue altar of Sif Muna.
  7384 | D:7      | Reached XP level 11. HP: 50/54 MP: 12/12
  7419 | D:7      | Found Murihocu's General Store.
  7422 | D:7      | Reached skill level 14 in Stealth
  7432 | D:7      | Bought a wand of iceblast (7) for 143 gold pieces
  7432 | D:7      | Bought a scroll of identify for 26 gold pieces
  7437 | D:7      | Gained mutation: You occasionally shout uncontrollably at
                  | your foes. [potion of mutation]
  7437 | D:7      | Gained mutation: You are somewhat resistant to further
                  | mutation. [potion of mutation]
  7438 | D:7      | Lost mutation: You are somewhat resistant to further
                  | mutation. [potion of mutation]
  7438 | D:7      | Lost mutation: You occasionally shout uncontrollably at
                  | your foes. [potion of mutation]
  7438 | D:7      | Gained mutation: You have large cloven feet. [potion of
                  | mutation]
  7438 | D:7      | Gained mutation: You are strong-willed. (Will+) [potion of
                  | mutation]
  7438 | D:7      | Gained mutation: Your magical capacity is low. (-10% MP)
                  | [potion of mutation]
  7551 | D:7      | Identified the +2 mace of Sericol {vorpal, rPois Str+3
                  | Dex-4}
  8012 | D:10     | Entered Level 10 of the Dungeon
  8112 | D:9      | Found a runed translucent gate.
  8112 | D:9      | Found a runed translucent gate.
  8112 | D:9      | Found a runed translucent gate.
  8113 | D:9      | Found a viscous altar of Jiyva.
  8113 | D:9      | Noticed RepHenryClay's ghost (novice OpCj)
  8155 | D:10     | Found Woribla's Assorted Antiques.
  8160 | D:10     | Bought a scroll of teleportation for 84 gold pieces
  8160 | D:10     | Bought a wand of iceblast (5) for 112 gold pieces
  8160 | D:10     | Bought a scroll of teleportation for 84 gold pieces
  8160 | D:10     | Bought a bubbling dark potion for 25 gold pieces
  8396 | D:9      | Noticed a two-headed ogre
  8405 | D:9      | Killed a two-headed ogre
  8541 | D:9      | Noticed a two-headed ogre
  8548 | D:9      | Killed a two-headed ogre
  8549 | D:9      | Reached skill level 5 in Fighting
  8866 | D:9      | Reached skill level 15 in Stealth
  8874 | D:9      | Found a shimmering altar of Xom.
  9495 | D:10     | Noticed Maurice
  9498 | D:10     | Noticed Lodul
  9518 | D:10     | Killed Maurice
  9521 | D:10     | Killed Lodul
  9522 | D:10     | Reached skill level 1 in Evocations
  9671 | D:10     | Reached skill level 5 in Armour
  9921 | D:10     | Found a glowing golden altar of the Shining One.
 10165 | D:11     | Reached skill level 16 in Stealth
 10356 | D:11     | Reached XP level 12. HP: 60/60 MP: 11/11
 10571 | D:11     | Found a basalt altar of Yredelemnul.
 10694 | D:11     | Noticed a boulder beetle
 10702 | D:11     | Killed a boulder beetle
 10703 | D:11     | Reached skill level 10 in Maces & Flails
 10977 | D:11     | Noticed a two-headed ogre
 10983 | D:11     | Killed a two-headed ogre
 11309 | D:13     | Reached skill level 17 in Stealth
 11334 | D:12     | Noticed Snorg
 11345 | D:12     | Killed Snorg
 11452 | D:12     | Found a staircase to the Orcish Mines.
 11606 | D:12     | Found a broken altar of Ashenzari.
 11836 | D:12     | Noticed an eight-headed hydra
 11991 | D:12     | Killed an eight-headed hydra
 12247 | D:13     | Noticed a centaur warrior
 12254 | D:13     | Killed a centaur warrior
 12255 | D:13     | Reached skill level 18 in Stealth
 12486 | D:13     | Noticed a centaur warrior
 12530 | D:13     | Killed a centaur warrior
 12565 | D:13     | Found a burning altar of Makhleb.
 12565 | D:13     | Noticed an Executioner
 12606 | D:14     | Noticed a two-headed ogre
 12606 | D:14     | Noticed a two-headed ogre
 12638 | D:13     | Noticed a centaur warrior
 12646 | D:13     | Killed a centaur warrior
 12647 | D:13     | Reached XP level 13. HP: 59/65 MP: 12/12
 12837 | D:15     | Entered Level 15 of the Dungeon
 12838 | D:15     | Found a staircase to the Depths.
 12838 | D:15     | Noticed a stone giant
 13390 | D:8      | Bought 3 scrolls of teleportation for 126 gold pieces
 13390 | D:8      | Bought a scroll of blinking for 105 gold pieces
 13396 | Lair:1   | Entered Level 1 of the Lair of Beasts
 13427 | Lair:1   | Reached skill level 19 in Stealth
 13552 | Lair:1   | Noticed Joseph
 13580 | Lair:1   | Killed Joseph
 14050 | Lair:2   | Found a runed translucent door.
 14050 | Lair:2   | Noticed enile's ghost (journeyman OpWn)
 14069 | Lair:2   | Found a staircase to the Swamp.
 14282 | Lair:2   | Noticed Urug
 14291 | Lair:2   | Reached skill level 20 in Stealth
 14296 | Lair:2   | Killed Urug
 14663 | Lair:2   | Found the +1 robe of Vines {NoPotionHeal Regen++++}
 15140 | Lair:2   | Killed enile's ghost
 15253 | Lair:3   | Reached XP level 14. HP: 58/70 MP: 13/13
 15842 | Lair:3   | Identified the +4 long sword of Division {pain, rF+++ rCorr
                  | Str+3 Int-3}
 16158 | Lair:4   | Found a staircase to the Snake Pit.
 16881 | Lair:4   | Identified the +7 short sword of Ejotaj {vamp, Will+++
                  | Dex+4}
 16900 | Lair:5   | Reached skill level 21 in Stealth
 17371 | Lair:5   | Found a viscous altar of Jiyva.
 17372 | Lair:5   | Found a staircase to the Slime Pits.
 17779 | Lair:5   | Lost mutation: Your magical capacity is low. (-10% MP)
                  | [potion of mutation]
 17779 | Lair:5   | Lost mutation: You have large cloven feet. [potion of
                  | mutation]
 17779 | Lair:5   | Lost mutation: You are strong-willed. (Will+) [potion of
                  | mutation]
 17779 | Lair:5   | Gained mutation: You heal very quickly. [potion of
                  | mutation]
 17779 | Lair:5   | Gained mutation: Your flesh is heat resistant. (rF+)
                  | [potion of mutation]
 17790 | Lair:5   | Bought a +1 pair of boots of flying for 264 gold pieces
 17790 | Lair:5   | Bought a +0 buckler of protection for 184 gold pieces
 17939 | Lair:6   | Entered Level 6 of the Lair of Beasts
 18150 | Lair:6   | Reached skill level 5 in Dodging
 18161 | Lair:6   | Reached skill level 22 in Stealth
 18175 | Lair:6   | Noticed Nessos
 18210 | Lair:6   | Killed Nessos
 18339 | Lair:6   | Reached skill level 1 in Shields
 18416 | Lair:6   | Reached XP level 15. HP: 73/75 MP: 16/16
 18571 | Lair:6   | Noticed Sonja
 18578 | Lair:6   | Killed Sonja
 19503 | Snake:1  | Entered Level 1 of the Snake Pit
 19506 | Snake:1  | Reached skill level 23 in Stealth
 20261 | Snake:1  | Identified the ring of Conversion {Wiz Int+4}
 20800 | Snake:2  | Noticed Saint Roka
 20813 | Snake:1  | Reached skill level 24 in Stealth
 20941 | Snake:4  | Entered Level 4 of the Snake Pit
 20978 | Snake:3  | Noticed a nagaraja
 21312 | Snake:2  | Reached XP level 16. HP: 81/81 MP: 17/17
 21354 | Snake:2  | Found Gaplahuu's Distillery.
 21356 | Snake:2  | Found Saxzo's Magic Scroll Emporium.
 21358 | Snake:2  | Found Ynofraf's Assorted Antiques.
 21379 | Snake:2  | Bought a potion of mutation for 136 gold pieces
 21379 | Snake:2  | Bought a potion of mutation for 136 gold pieces
 21379 | Snake:2  | Bought a potion of haste for 170 gold pieces
 21379 | Snake:2  | Bought a potion of resistance for 170 gold pieces
 21379 | Snake:2  | Bought a potion of berserk rage for 85 gold pieces
 21379 | Snake:2  | Bought a potion of haste for 170 gold pieces
 21379 | Snake:2  | Bought a potion of mutation for 136 gold pieces
 21379 | Snake:2  | Lost mutation: Your flesh is heat resistant. (rF+) [potion
                  | of mutation]
 21379 | Snake:2  | Lost mutation: You heal very quickly. [potion of mutation]
 21379 | Snake:2  | Gained mutation: You are clumsy. (Dex -2) [potion of
                  | mutation]
 21379 | Snake:2  | Lost mutation: You are clumsy. (Dex -2) [potion of
                  | mutation]
 21379 | Snake:2  | Gained mutation: Armour fits poorly on your strangely
                  | shaped body. [potion of mutation]
 21380 | Snake:2  | Lost mutation: Armour fits poorly on your strangely shaped
                  | body. [potion of mutation]
 21380 | Snake:2  | Gained mutation: You occasionally shout uncontrollably at
                  | your foes. [potion of mutation]
 21380 | Snake:2  | Gained mutation: Your flesh is cold resistant. (rC+)
                  | [potion of mutation]
 21381 | Snake:2  | Lost mutation: You occasionally shout uncontrollably at
                  | your foes. [potion of mutation]
 21381 | Snake:2  | Lost mutation: Your flesh is cold resistant. (rC+) [potion
                  | of mutation]
 21381 | Snake:2  | Gained mutation: A frigid envelope surrounds you and
                  | freezes all who hurt you. [potion of mutation]
 21384 | Snake:2  | Bought a scroll of silence for 112 gold pieces
 21384 | Snake:2  | Bought a scroll of fear for 52 gold pieces
 21386 | Snake:2  | Bought the +5 glaive of the Guard {elec, spectral, AC+5}
                  | for 1799 gold pieces
 21386 | Snake:2  | Bought a scroll of magic mapping for 91 gold pieces
 21386 | Snake:2  | Found the +5 glaive of the Guard {elec, spectral, AC+5}
 21572 | Snake:3  | Found Echeogargh's Jewellery Shoppe.
 21572 | Snake:3  | Found Xuicle's Book Boutique.
 21573 | Snake:3  | Found Belonk's Jewellery Shoppe.
 21642 | Snake:3  | Killed by an exploding black mamba... ignited by their
                  | inner flame

Illustrated notes

Levels and vault maps discovered:
D:1:      dpeg_arrival_tiny_c, layout_rooms, shapermc_ecumenical_altar_pompeii
D:2:      layout_loops_ring, basic_altar, st_stairs_1, nicolae_grassy_gnolls,
          uniq_sigmund, uniq_jessica
D:3:      layout_loops_ring, mainiacjoe_overflow_paths,
          biasface_ghost_orc_armoury
D:4:      layout_cave_pools
D:5:      kennysheep_six_static_rooms, layout_cave_pods, gup_sewer_entry_glass,
          serial_shops, nicolae_shop_competitors_out_of_business,
          chequers_serial_rivers_room_a, item_on_display_a, uniq_edmund,
          uniq_blork_the_orc, uniq_ijyb, uniq_menkaure
D:6:      layout_gridville, minmay_temple_entry_drinking_statues,
          hangedman_decor_riveting, uniq_grinder
D:7:      layout_layer_cave, overflow_temple_1_default,
          chequers_temple_overflow_statue_of_worship, serial_shops, shop,
          minmay_microvault
D:8:      layout_loops_ring, nicolae_dithmenos_through_a_glass_darkly,
          overflow_temple_1_default, david_lair_shrubbed, kennysheep_path_1,
          roderic_batcave, minmay_manual_macuahuitl, uniq_erica
D:9:      layout_cave_pods, mainiacjoe_overflow_catwalk, lemuel_doored_altar,
          gammafunk_ghost_ooze, roderic_lattice_a, nrook_mini_vaults
D:10:     layout_irregular_city, tso_altar, serial_shops, nicolae_shop_stone,
          uniq_lodul, uniq_maurice
D:11:     layout_basic, lemuel_zombie_altar_yredelemnul
D:12:     layout_roguey, hiddenorc2_lemuel, evilmike_ruin_ashenzari, uniq_snorg
D:13:     layout_loops_ring, makhleb_altar_promises_db
D:14:     layout_irregular_city, david_vaults_2,
          portal_ice_cave_entry_ice_statue_two, nicolae_lava_and_water,
          nicolae_water_bricks, uniq_kirke
D:15:     grunt_enter_depths_giant_problem, layout_long_grid, minivault_4,
          minivault_16, minmay_shop_enchanted_jewellery
Temple:   chequers_temple_sunken
Lair:1:   layout_hall_layers, grunt_megastairs_2, uniq_joseph
Lair:2:   layout_cave_pods, minmay_swamp_entry_reptiles,
          hellmonk_ghost_happy_afterlife, hellmonk_guarded_unrand_vines,
          uniq_urug
Lair:3:   layout_regular_city, serial_bayou_shore_b, grunt_megastairs_1
Lair:4:   layout_gridlike, guppyfry_snake_entry_island
Lair:5:   layout_regular_city, minmay_slime_entry_oklob_open,
          infiniplex_staircase_pool
Lair:6:   hangedman_lair_tendril_chambers, layout_gridlike, minivault_24,
          infiniplex_staircase_pool_2, serial_bayou_shore_a, uniq_nessos,
          uniq_sonja
Snake:1:  layout_onion, nicolae_snake_snakewalk
Snake:2:  layout_cave_pods, minmay_shop_star, uniq_saint_roka
Snake:3:  layout_cave_shapes, basic_altar, minmay_shop_grove,
          serial_bayou_shore_b
Snake:4:  minmay_snake_end_coiled, layout_cave_town, lemuel_altar_in_water2

Skill      XL: |  1  2  3  4  5  6  7  8  9 10 11 12 13 14 15 16 |
---------------+-------------------------------------------------+-----
Stealth        | 5 7 8 9 10 11 13 16 18 20 22 24 | 24.2
Fighting       | 2 3 4 5 6 7 8 |  8.3
Short Blades   | 2 3 |  3.6
Dodging        | 1 2 3 4 5 6 |  6.6
Maces & Flails | 1 4 6 8 9 10 11 12 13 | 13.4
Armour         | 1 2 3 4 5 6 7 |  7.4
Evocations     | 1 2 3 |  3.0
Shields        | 1 2 3 |  3.0
Throwing       | |  1.8

Action                   |  1- 3 |  4- 6 |  7- 9 | 10-12 | 13-15 | 16-18 || total
-------------------------+-------+-------+-------+-------+-------+-------++-------
Melee: Dagger            |    69 |    39 |       |       |       |       ||   108
       Bite              |    18 |    21 |    32 |   117 |   326 |     9 ||   523
       Punch             |     1 |     2 |     5 |     6 |     4 |       ||    18
       Short sword       |       |    53 |     1 |       |       |       ||    54
       Whip              |       |       |   145 |   367 |   803 |    18 ||  1333
       Unarmed           |       |       |       |    28 |       |       ||    28
       Kick              |       |       |       |    79 |   115 |       ||   194
Throw: Dart              |       |    10 |     9 |       |       |       ||    19
Invok: Call Merchant     |       |       |       |     1 |     2 |       ||     3
Evoke: Wand              |       |       |       |    16 |    30 |       ||    46
  Use: Scroll            |     3 |     8 |     6 |     8 |    13 |     2 ||    40
       Potion            |       |       |     2 |     4 |     2 |     3 ||    11
 Stab: Sleeping          |     6 |    16 |    11 |    57 |    43 |     3 ||   136
       Distracted        |       |       |     2 |    10 |    21 |       ||    33
Armor: Robe              |    20 |     7 |       |       |   131 |    13 ||   171
       Ring mail         |       |    28 |    48 |    96 |    30 |       ||   202
Dodge: Dodged            |    36 |    42 |    61 |   207 |   350 |    17 ||   713
Block: Buckler           |       |       |       |       |    75 |    11 ||    86

Table legend: (Time is in decaauts)
 A = Elapsed time spent in this place.
 B = Non-inter-level travel time spent in this place.
 C = Inter-level travel time spent in this place.
 D = Time resting spent in this place.
 E = Time spent auto-exploring this place.
 F = Levels seen in this place.
 G = Mean time per level.
                   A        B        C        D        E       F      G
               +--------+--------+--------+--------+--------+-----+--------+
         Total |  21163 |  17808 |   3355 |    960 |  12384 |  26 |  814.0 |
       Dungeon |  13046 |  10883 |   2163 |    637 |   7621 |  15 |  869.7 |
        Temple |    250 |    214 |     36 |      0 |    207 |   1 |  250.0 |
          Lair |   5856 |   4906 |    950 |     42 |   3866 |   6 |  976.0 |
     Snake Pit |   2010 |   1806 |    204 |    281 |    690 |   4 |  502.5 |
               +--------+--------+--------+--------+--------+-----+--------+

Top non-repeatable levels by time:
     D:8: 1419 daAuts
  Lair:6: 1365 daAuts
    D:11: 1197 daAuts
     D:2: 1194 daAuts
 Snake:1: 1175 daAuts
    D:12: 1172 daAuts
  Lair:2: 1155 daAuts
     D:5: 1117 daAuts
     D:9: 1098 daAuts
  Lair:5: 1056 daAuts
     D:3: 1001 daAuts
    D:10: 990 daAuts
     D:1: 951 daAuts
  Lair:4: 924 daAuts
     D:6: 825 daAuts
